Map: Fields of Death

Players

excloud

  • Race: Terran Terran
  • League: Silver

NeoPendragon

  • Race: Terran Terran

TERDBURGLAR - Winner!

  • Race: Terran Terran

Grumm - Winner!

  • Race: Terran Terran
  • League: Gold

VOD

Have the link to the VOD?

Description

Time

  • Played on: Jan. 7, 2016, 2:46 a.m.
  • Length: 18:45
Show
View Real Time Build Order
Export as new Build Order

excloud Terran 

Build Orders: Mech 

Get SALT Encoding   

  12  0:02  SCV  
  13  0:14  SCV  
  14  0:26  SCV  
  15  0:29  Supply Depot  
  15  0:44  Refinery  
  15  0:50  SCV  
  15  0:52  Barracks  
  16  1:02  SCV  
  17  1:14  SCV  
  18  1:27  SCV  
  19  1:39  SCV  
  20  1:41  Command Center, Marine  
  21  1:55  Bunker  
  21  1:58  SCV  
  21  2:00  Marine  
  23  2:15  Supply Depot  
  23  2:33  Bunker  
  23  2:34  Factory  
  23  2:37  SCV  
  24  2:41  Marine  
  25  2:55  Bunker  
  25  2:59  SCV  
  26  3:06  Factory  
  26  3:08  Refinery  
  26  3:10  SCV  
  26  3:11  SCV  
  28  3:18  Marine  
  29  3:22  SCV  
  29  3:23  SCV  
  31  3:33  Factory Tech Lab  
  31  3:37  Marine  
  32  3:42  SCV  
  32  3:48  Starport  
  33  3:54  SCV x2  
  33  3:55  Engineering Bay  
  35  4:07  Siege Tank  
  38  4:14  Factory Tech Lab  
  38  4:17  Barracks Reactor  
  38  4:26  Starport Reactor  
  38  4:30  Factory  
  38  4:35  Hellion  
  40  4:39  SCV  
  40  4:42  Refinery  
  41  4:45  Refinery  
  41  4:52  SCV  
  42  4:54  Missile Turret  
  42  4:57  Hellion  
  44  5:06  Supply Depot  
  44  5:08  Missile Turret  
  44  5:10  Orbital Command  
  44  5:11  Orbital Command  
  44  5:17  Medivac  
  46  5:27  Medivac, Marine  
  46  5:28  Siege Tank  
  52  5:33  Supply Depot  
  52  5:36  Factory Tech Lab  
  52  5:47  SCV  
  53  5:54  Siege Tank  
  56  6:19  Siege Tank x2  
  62  6:38  Supply Depot  
  62  6:40  Armory  
  62  6:49  Command Center  
  62  6:59  SCV  
  62  7:00  Supply Depot  
  63  7:10  Siege Tank x2  
  63  7:11  SCV  
  70  7:21  Siege Tank  
  62  7:42  Siege Tank x2  
  68  7:53  Missile Turret  
  68  7:57  Refinery, Barracks  
  68  7:59  Refinery, Marine x2  
  68  8:04  Barracks  
  70  8:07  Liberator x2  
  76  8:27  Cyclone  
  76  8:28  Cyclone  
  76  8:33  SCV  
  83  8:37  SCV  
  84  8:42  SCV  
  84  8:45  SCV  
  86  8:49  SCV  
  86  8:54  SCV  
  88  8:57  SCV  
  88  9:01  SCV  
  90  9:27  SCV  
  91  9:32  Command Center  
  91  9:34  SCV  
  92  9:39  SCV  
  92  9:41  Supply Depot, Barracks Tech Lab  
  93  9:48  Barracks Reactor  
  93  9:51  Supply Depot  
  93  10:02  Medivac x2, Marine x2  
  99  10:12  Thor  
  105  10:27  Marine x4  
  109  10:35  Supply Depot  
  109  10:36  Supply Depot  
  109  10:39  Orbital Command, Supply Depot  
  109  10:43  Marine  
  109  10:44  Marine x2, SCV x2, Siege Tank x2  
  109  10:45  Marine x2  
  122  10:56  SCV  
  123  10:57  Siege Tank  
  123  11:00  Supply Depot x2  
  123  11:01  Marine  
  123  11:02  Supply Depot, Marine x3  
  130  11:16  Siege Tank x2  
  130  11:17  Planetary Fortress  
  136  11:20  Marauder, Missile Turret  
  138  11:29  Siege Tank  
  141  11:41  Marauder  
  143  11:48  Siege Tank x2  
  149  11:55  Marine  
  149  11:56  Marine x3  
  149  11:59  Combat Shields  
  153  12:01  Siege Tank  
  153  12:02  Marauder, Terran Infantry Weapons Level 1  
  158  12:20  Cyclone x2  
  101  13:20  Siege Tank x3  
  107  13:27  Marine x5  
  112  13:45  Marine x2  
  112  13:46  Marauder  
  116  13:55  Missile Turret  
  124  13:59  Thor x3  
  129  14:07  Marauder  
  131  14:10  Terran Ship Weapons Level 1  
  131  14:11  SCV  
  131  14:12  Starport  
  131  14:13  Starport  
  131  14:15  Starport  
  132  14:17  Missile Turret  
  132  14:23  SCV  
  133  14:28  Marauder  
  135  14:35  SCV  
  136  14:39  Marine x2  
  136  14:40  Marine x2  
  136  14:42  Thor x3  
  136  14:44  SCV  
  159  14:49  Marine  
  160  14:55  Command Center  
  160  14:56  SCV  
  160  14:57  Marine x3  
  160  14:59  Refinery  
  164  15:00  Refinery  
  164  15:05  SCV  
  165  15:08  Starport Reactor x2  
  165  15:09  Starport Tech Lab, Armory  
  165  15:17  SCV  
  166  15:29  SCV  
  167  15:37  Viking x2  
  128  16:11  Thor x2  
  116  16:12  Cyclone  
  116  16:13  Marine x5  
  116  16:16  Viking x3  
  121  16:30  Marine  
  121  16:31  Marine x4  
  123  16:38  Missile Turret  
  123  16:41  Missile Turret  
  123  16:44  Cyclone  
  123  16:46  Viking x4  
  134  16:48  Marine x2  
  134  16:49  Viking x2, Marine x3  
  134  16:54  Cyclone, Planetary Fortress  
  143  16:58  Missile Turret  
  146  17:12  Missile Turret  
  146  17:14  Missile Turret  
  143  17:19  Missile Turret  
  143  17:22  Missile Turret  
  143  17:23  Missile Turret  
  143  17:26  Refinery  
  143  17:32  Viking x4  
  151  17:37  Barracks  
Show
View Real Time Build Order
Export as new Build Order

NeoPendragon Terran 

Build Orders: MMM Bio 

Get SALT Encoding   

  12  0:05  SCV  
  13  0:17  SCV  
  14  0:29  SCV  
  15  0:43  Supply Depot  
  15  0:51  Supply Depot  
  15  1:15  Barracks  
  15  1:16  SCV  
  16  1:24  Supply Depot  
  16  1:28  SCV  
  17  1:40  SCV  
  17  1:41  Engineering Bay  
  18  1:52  SCV  
  19  2:02  Barracks  
  19  2:04  SCV  
  20  2:17  Refinery, SCV  
  21  2:27  Bunker  
  21  2:29  SCV  
  22  2:39  Bunker  
  22  2:46  Marine  
  23  3:01  Refinery  
  23  3:03  Command Center  
  23  3:04  Marine  
  24  3:11  Barracks Reactor  
  24  3:21  Marine  
  25  3:43  Terran Infantry Weapons Level 1  
  25  3:53  Orbital Command  
  25  4:00  Engineering Bay  
  25  4:22  Barracks Reactor  
  25  4:26  Barracks Tech Lab  
  25  4:28  Marine x2  
  26  4:45  SCV  
  27  4:46  Marine  
  28  4:57  SCV  
  28  4:58  Supply Depot, SCV  
  30  5:09  SCV  
  30  5:10  SCV  
  32  5:20  Supply Depot  
  32  5:21  SCV  
  33  5:23  Marine  
  33  5:27  Marine x2  
  36  5:41  Marine  
  36  5:42  Supply Depot, Barracks  
  37  5:44  Marine  
  37  5:45  Marine  
  39  5:52  Terran Infantry Armor Level 1  
  39  5:59  Marine, SCV  
  39  6:02  Marine x2  
  43  6:06  Refinery  
  43  6:11  SCV  
  44  6:12  SCV  
  44  6:17  Marine  
  46  6:20  Marine  
  46  6:23  SCV  
  46  6:25  SCV  
  49  6:27  Factory  
  49  6:30  Barracks  
  49  6:33  Factory  
  49  6:35  Barracks Tech Lab  
  49  6:37  SCV  
  49  6:38  Marauder  
  52  6:40  Marine x2  
  54  6:49  SCV  
  54  6:51  Neosteel Frame  
  55  6:55  Combat Shields  
  55  6:57  Marine  
  55  6:58  Stimpack  
  55  6:59  Marauder  
  58  7:21  Marauder, Refinery  
  58  7:22  SCV  
  61  7:26  Factory Tech Lab  
  61  7:28  Factory Tech Lab  
  61  7:33  Barracks Tech Lab  
  61  7:35  Marine  
  61  7:36  Marine  
  63  7:46  Starport  
  63  7:58  Orbital Command  
  63  8:16  Siege Tank  
  63  8:17  Siege Tank  
  69  8:31  Starport  
  69  8:33  Barracks  
  69  8:40  SCV  
  70  8:43  Armory  
  70  8:48  Siege Tank  
  73  8:49  Siege Tank  
  73  8:52  SCV  
  77  9:07  Supply Depot  
  77  9:21  Supply Depot  
  77  9:23  Marine  
  78  9:28  Marauder x3  
  78  9:29  Supply Depot  
  84  9:38  Medivac  
  86  9:43  Supply Depot, Starport Reactor  
  86  9:48  Marine x2  
  86  9:51  Terran Infantry Armor Level 2  
  88  9:52  Terran Infantry Weapons Level 2  
  88  9:57  Infernal Pre-Igniter  
  88  10:08  Medivac  
  90  10:25  Concussive Shells  
  92  10:28  Marauder  
  92  10:43  Supply Depot  
  92  10:45  Supply Depot  
  92  10:47  Command Center  
  92  10:49  Command Center  
  94  10:50  Marauder, SCV  
  95  10:58  Starport Tech Lab  
  95  10:59  Medivac x2  
  95  11:02  SCV  
  102  11:04  Marauder, Supply Depot  
  102  11:06  Marine  
  102  11:08  Supply Depot, Marine  
  102  11:09  Marine  
  105  11:12  Marauder  
  107  11:24  Marine  
  110  11:26  Marauder  
  110  11:29  Medivac x2  
  114  11:42  Terran Vehicle Weapons Level 1  
  116  11:47  Marauder  
  116  11:59  Medivac x2  
  116  12:00  Medivac  
  122  12:03  Marauder, Marine  
  122  12:04  Marauder, Marine x2  
  122  12:07  Siege Tank  
  122  12:08  Marine, Siege Tank  
  136  12:21  Marine  
  137  12:30  Medivac  
  139  12:39  Siege Tank  
  139  12:40  Siege Tank  
  146  12:59  Planetary Fortress  
  146  13:03  SCV  
  146  13:16  SCV  
  143  13:28  SCV  
  95  13:43  Marine x4  
  95  13:44  Marine  
  95  13:48  Medivac  
  98  13:51  Medivac x2  
  102  14:01  Marine x4  
  102  14:02  Marauder  
  108  14:12  Barracks Reactor  
  108  14:16  Siege Tank  
  111  14:17  Medivac  
  111  14:20  Marauder x2  
  111  14:23  Marauder  
  119  14:30  Planetary Fortress  
  119  14:37  Missile Turret  
  119  14:41  Marauder  
  121  14:47  Medivac  
  121  14:48  Siege Tank  
  126  14:55  Refinery  
  126  15:05  Missile Turret  
  126  15:07  Missile Turret x2  
  126  15:08  Missile Turret  
  86  15:36  Viking  
  86  15:38  Viking x2  
  91  16:06  Viking  
  93  16:43  Orbital Command  
  93  16:47  Command Center  
  93  17:38  SCV  
  89  17:50  Viking x2, SCV  
  94  17:53  Marine x5  
  94  17:54  Marine x2  
  101  17:58  Viking  
  101  18:02  SCV  
  104  18:11  Marine x7  
  96  18:14  SCV  
Show
View Real Time Build Order
Export as new Build Order

TERDBURGLAR Terran - Winner!

Build Orders:  

Get SALT Encoding   

  12  0:01  SCV  
  13  0:21  SCV  
  13  0:23  Supply Depot  
  14  0:30  Refinery  
  14  0:33  SCV  
  15  0:46  SCV, Barracks  
  16  1:00  SCV  
  17  1:12  SCV, Barracks  
  18  1:24  SCV  
  18  1:25  Supply Depot  
  19  1:36  SCV  
  19  1:39  Supply Depot  
  20  1:51  Barracks Reactor  
  20  2:00  Orbital Command  
  20  2:08  Barracks Tech Lab  
  20  2:17  Supply Depot  
  20  2:28  Command Center  
  20  2:38  Marauder, Marine x2  
  24  2:54  Refinery, SCV  
  24  2:56  Marine  
  26  3:04  Factory  
  26  3:06  SCV  
  26  3:11  Barracks  
  27  3:18  SCV  
  28  3:30  Engineering Bay  
  28  3:33  SCV  
  29  3:34  Engineering Bay  
  29  3:39  Marine x2  
  31  3:44  SCV  
  31  3:47  SCV  
  33  3:51  Factory Tech Lab  
  33  3:58  Barracks Reactor  
  33  4:05  Starport  
  33  4:06  SCV  
  34  4:11  Terran Infantry Weapons Level 1  
  34  4:17  Stimpack  
  34  4:28  Orbital Command  
  34  4:29  SCV  
  34  4:31  Missile Turret  
  35  4:39  Supply Depot  
  35  4:41  SCV  
  35  4:43  Medivac  
  38  4:52  Terran Infantry Armor Level 1  
  38  4:58  SCV  
  39  5:02  Marauder, Marine x2  
  43  5:11  SCV  
  44  5:19  Starport, Starport Tech Lab  
  44  5:25  Marauder, Marine  
  44  5:26  Marine x2  
  44  5:27  Marine  
  50  5:32  Supply Depot  
  51  5:35  SCV  
  51  5:36  SCV  
  52  5:42  Missile Turret  
  52  5:52  Missile Turret x2  
  52  5:55  Missile Turret  
  52  6:12  SCV  
  52  6:15  Starport Reactor  
  53  6:19  Raven  
  53  6:21  Marine x2  
  53  6:22  Marauder  
  59  6:28  Command Center  
  59  6:45  Marauder, Marine x2  
  63  6:50  Supply Depot  
  63  6:55  Supply Depot  
  63  6:56  Refinery  
  63  7:00  Armory  
  63  7:02  Refinery  
  63  7:12  Marauder  
  63  7:15  Banshee  
  68  7:16  Cloaking Field  
  68  7:19  SCV  
  69  7:31  SCV x2  
  71  7:38  Starport  
  71  7:39  Starport  
  71  7:43  Refinery, SCV  
  72  7:49  Orbital Command  
  72  7:50  SCV  
  73  7:56  Viking x2  
  77  8:12  Starport  
  77  8:14  Missile Turret  
  77  8:19  Missile Turret  
  77  8:20  SCV x3  
  77  8:26  Refinery  
  80  8:30  Missile Turret  
  80  8:32  SCV x2  
  80  8:33  SCV  
  83  8:38  Starport Reactor  
  83  8:57  Starport Tech Lab x3  
  83  9:05  Banshee  
  86  9:14  SCV x3  
  89  9:18  Supply Depot  
  89  9:21  Supply Depot  
  89  9:23  Supply Depot  
  89  9:25  Banshee  
  89  9:26  Banshee, SCV  
  89  9:27  Banshee  
  99  9:39  Fusion Core  
  99  9:41  SCV  
  99  9:42  Supply Depot  
  99  9:43  SCV  
  99  9:45  SCV  
  102  9:53  SCV  
  102  9:59  Orbital Command  
  103  10:24  Factory Tech Lab  
  103  10:42  Supply Depot  
  103  10:43  Supply Depot  
  103  10:54  Missile Turret  
  103  10:56  SCV  
  104  11:08  Battlecruiser x5  
  134  11:17  Command Center  
  134  11:38  Supply Depot  
  134  11:45  Behemoth Reactor  
  134  11:54  Supply Depot  
  134  11:59  SCV  
  135  12:02  Supply Depot  
  135  12:22  Battlecruiser  
  141  12:23  Battlecruiser  
  141  12:24  Battlecruiser  
  141  12:25  Battlecruiser  
  159  12:36  Supply Depot  
  159  12:42  Weapon Refit  
  159  13:01  Supply Depot  
  132  14:00  Battlecruiser x2  
  132  14:01  Battlecruiser x2  
  156  14:11  Terran Vehicle Weapons Level 1  
  156  14:14  Armory  
  156  14:16  Supply Depot  
  156  14:17  Supply Depot  
  156  14:19  Supply Depot  
  156  14:20  Supply Depot  
  156  14:21  Supply Depot  
  156  14:26  Orbital Command  
  156  14:30  Refinery  
  156  14:32  Refinery  
  156  14:33  Medivac  
  158  14:42  Supply Depot  
  158  15:03  Medivac  
  152  15:35  Refinery  
  152  15:56  Battlecruiser x3  
  152  15:57  Battlecruiser  
  176  16:04  Banshee  
  179  16:13  SCV x4  
  183  16:25  SCV x3  
  185  16:26  SCV  
  187  16:47  Banshee  
  190  17:00  Banshee x3  
Show
View Real Time Build Order
Export as new Build Order

Grumm Terran - Winner!

Build Orders:  

Get SALT Encoding   

  12  0:36  Command Center  
  12  0:40  SCV  
  13  0:52  SCV  
  14  1:06  Supply Depot  
  14  1:08  SCV  
  15  1:13  Refinery  
  15  1:27  SCV  
  16  1:35  Barracks  
  16  1:44  Refinery  
  16  1:57  SCV  
  17  2:14  Engineering Bay  
  17  2:18  Barracks  
  17  2:37  Orbital Command  
  17  2:41  SCV  
  18  2:48  Barracks Tech Lab  
  18  2:57  SCV  
  19  3:09  Factory  
  19  3:10  Barracks Reactor  
  19  3:15  Stimpack  
  19  3:18  SCV  
  20  3:20  SCV  
  21  3:30  SCV  
  21  3:32  SCV  
  23  3:42  SCV  
  23  3:45  Missile Turret, SCV  
  25  3:51  Marine  
  25  3:52  Marine  
  25  3:54  SCV  
  25  3:55  Starport, Factory Tech Lab  
  28  3:58  Marine  
  28  4:02  Terran Infantry Weapons Level 1  
  29  4:11  SCV  
  29  4:13  Planetary Fortress  
  30  4:18  Missile Turret  
  32  4:46  Marauder  
  32  4:48  Siege Tank  
  32  4:52  Barracks Tech Lab  
  35  4:55  SCV x2  
  37  5:00  Refinery  
  37  5:07  SCV  
  37  5:09  Starport  
  38  5:16  Supply Depot  
  38  5:19  Supply Depot  
  38  5:21  Supply Depot  
  38  5:31  Supply Depot  
  38  5:38  Medivac x2, Marauder, SCV x2  
  46  5:44  Refinery  
  46  5:49  Starport Tech Lab  
  46  5:50  SCV x2  
  46  5:54  Supply Depot  
  48  6:02  SCV x2  
  50  6:05  Sensor Tower  
  50  6:14  SCV x2  
  50  6:16  Liberator  
  52  6:23  Marine  
  53  6:26  Marine, SCV  
  53  6:30  Cyclone  
  58  6:37  SCV  
  58  6:39  Liberator  
  62  6:41  Marine  
  62  6:43  Marine  
  64  7:00  SCV x2  
  69  7:26  Liberator  
  68  7:40  Medivac x2  
  75  7:58  Siege Tank  
  78  8:04  Supply Depot  
  78  8:20  Command Center  
  78  8:26  Marine x2  
  78  8:27  Supply Depot  
  80  8:30  Command Center  
  80  8:43  Starport  
  80  8:44  Marine x2  
  82  8:49  Supply Depot, Viking x2  
  82  8:50  Viking  
  88  9:01  Marine x2  
  90  9:25  Refinery  
  90  9:28  Refinery  
  90  9:31  Fusion Core  
  90  9:47  Barracks Reactor  
  90  9:55  Viking x4  
  90  9:59  Armory  
  98  10:07  Armory  
  98  10:09  Widow Mine  
  100  10:19  SCV x3  
  103  10:24  Refinery, SCV  
  104  10:31  SCV x3  
  107  10:49  Battlecruiser x2  
  119  10:54  Supply Depot  
  119  11:14  SCV x2  
  122  11:18  Planetary Fortress  
  122  11:20  Refinery  
  122  11:22  Orbital Command  
  121  11:31  Supply Depot  
  121  11:34  Weapon Refit  
  121  11:41  Viking x2  
  125  11:53  Battlecruiser  
  131  11:54  Supply Depot  
  131  12:17  Supply Depot  
  131  12:18  Viking x3  
  137  12:25  Terran Vehicle And Ship Armor Level 1, Terran Ship Weapons Level 1  
  137  12:48  Viking x2  
  103  13:45  Battlecruiser  
  103  13:46  Battlecruiser  
  115  13:55  Behemoth Reactor  
  109  14:11  Battlecruiser  
  115  14:46  Supply Depot  
  115  14:50  Battlecruiser x2  
  115  14:51  Terran Ship Weapons Level 2, Terran Vehicle And Ship Armor Level 2  
  127  15:09  Supply Depot  
  127  15:15  Battlecruiser  
  127  15:19  Starport  
  133  15:29  Starport  
  110  16:17  Starport Tech Lab  
  110  16:21  Starport  
  110  16:23  Battlecruiser  
  110  16:24  Starport, Battlecruiser x2  
  128  16:47  Battlecruiser  
  134  17:20  Refinery  
  134  17:22  Supply Depot, Refinery  
  134  17:24  Supply Depot  
  134  17:25  Supply Depot  
  134  17:28  Command Center  
  134  17:32  Starport Tech Lab x2  
  134  17:35  Viking x3  
  140  17:51  Viking  
  142  18:05  Viking  
Tags
 
Add a new tag
Caveats
  • Supply blocks, unpowered buildings, or Contaminate may cause inaccurate times.
  • Supply counts are checked every 10 seconds.